 Dungeon Crawl Stone Soup version 0.31.0-32-g396128a36d (webtiles) character file.

Game seed: 17205252386218578722

81 TacoSundae the Ruffian (level 4, -1/21 HPs)
             Began as a Vine Stalker Shapeshifter on Apr 6, 2024.
             Slain by a lemure (6 damage)
             ... led by Pikel
             ... on level 3 of the Dungeon.
             The game lasted 00:04:29 (1874 turns).

TacoSundae the Ruffian (Vine Stalker Shapeshifter)  Turns: 1874, Time: 00:04:30

Health: -1/21      AC:  3    Str: 19    XL:     4   Next: 40%
Magic:  0/5        EV: 11    Int: 10    God:
Gold:   114        SH:  0    Dex: 13    Spells: 3/3 levels left

rFire   . .          .
                       - Unarmed
rCold   . . .        (no shield)
rNeg    . . .        f - +0 leather armour
rPois   .            (helmet currently unavailable)
rElec   .            (cloak currently unavailable)
rCorr   .            (gloves currently unavailable)
SInv    +            (boots currently unavailable)
Will    .....        (no amulet)
Stlth   +            (no ring)
HPRegen 1.03/turn    (no ring)
MPRegen 0.09/turn

%: guardian spirit
@: beast-form, weak-willed
A: beast (slay +2), fangs 2, regeneration 1, magic shield, antimagic bite, no
potion heal 2
a: Begin Untransformation


You were on level 3 of the Dungeon.
You were a hulking beast.
You visited 1 branch of the dungeon, and saw 4 of its levels.

You collected 114 gold pieces.

Inventory:

Missiles
 j - 9 boomerangs (quivered)
Armour
 f - a +0 leather armour (worn)
Talismans
 a - a blade talisman
 c - a beast talisman
 d - a flux talisman
Scrolls
 o - a scroll of blinking {unknown}
 p - a scroll of amnesia {unknown}
Potions
 b - a potion of lignification
 k - a potion of attraction
 m - 3 potions of cancellation
 q - a potion of curing {unknown}


   Skills:
 - Level 0.8 Fighting
 - Level 1.5 Dodging
 * Level 4.5 Unarmed Combat
 + Level 3.6 Shapeshifting


You had 3 spell levels left.
You didn't know any spells.
Your spell library was empty.

Dungeon Overview and Level Annotations

Branches:
Dungeon (4/15)
 Temple: D:4-7

Altars:

Annotations:
D:3 Pikel
D:4 Dowan


Innate Abilities, Weirdness & Mutations

You are a hulking beast.
Your limbs bulge with bestial killing power. (Slay +2)
You have extremely sharp teeth.
Your natural rate of healing is unusually fast.
When hurt, damage is shared between your health and your magic reserves.
Your bite disrupts and absorbs the magic of your enemies.
Potions cannot restore your health.


Message History

It is a scroll of identify.
k - a potion of attraction
As you read the scroll of identify, it crumbles to dust.
m - 3 potions of cancellation
As you read the scroll labelled DAFIATZ VURUTE, it crumbles to dust.
You hear a loud clanging noise!
It was a scroll of noise.
You hear a shout! x2
As you read the scroll labelled ZYDE MAGGER, it crumbles to dust.
You assume a fearsome visage.
Nothing appears to happen.
It was a scroll of fear.
As you read the scroll labelled YFEGEHENIO, it crumbles to dust.
You feel strangely unstable.
It was a scroll of teleportation.
A scorpion comes into view.
You climb upwards.
Your surroundings suddenly seem different.
There is a stone staircase leading down here.
There is a stone staircase leading up here.
There is a stone staircase leading down here.
You climb downwards.
Pikel shouts!
The lemure shouts! x4; You hear a shout!
Found a mace.
There is a stone staircase leading up here.
The lemure hits you.
Pikel hits you with a +0 whip of freezing.
Pikel freezes you. The lemure hits you.
You climb upwards.
There is a stone staircase leading down here.
As you read the scroll labelled CODAESHEATS, it crumbles to dust.
A wave of despondency washes over your surroundings.
It was a scroll of vulnerability.
The lemure closely misses you. The lemure hits you.
Pikel hits you with a +0 whip of freezing.
* * * LOW HITPOINT WARNING * * *
Pikel freezes you.
* * * LOW HITPOINT WARNING * * *
As you read the scroll labelled CYAKHL QOALI, it crumbles to dust.
You feel momentarily disoriented.
It was a scroll of revelation.
The lemure hits you!
You die...

#.##..#.###.##.#.#.#.#####
#....)......##...........#
.#.#........######(#.###.#
#...........######.#.###.#
...#.#.#.#.......#.#..##.#
..##.....#.......#.##.##.#
..##.#...........#.##.##.#
..##.#.<##.....K5#.......#
#.##...........5h####.####
..#.........######......#
###.###.##########)##.#.#
#.###.##########.##.#.##
#.#.......#......##....#
#.#.#.###........####..#
#.....###...####.####..#
###.#.#.......##.......#
## #.....#...#..........#


You could see Pikel (weak-willed) and 2 lemures.

Vanquished Creatures
  A ribbon worm (D:2)
  3 dart slugs
  8 orcs (D:3)
  7 endoplasms
  2 giant cockroaches (D:2)
  8 goblins
  3 hobgoblins
  9 kobolds
  A quokka (D:2)
  4 ball pythons
  5 bats
  A frilled lizard (D:3)
  8 rats
60 creatures vanquished.

Notes
Turn   | Place    | Note
-------+----------+-------------------------------------------
     0 | D:1      | TacoSundae the Vine Stalker Shapeshifter began the quest
                  | for the Orb.
     0 | D:1      | Reached XP level 1. HP: 9/9 MP: 2/2
   182 | D:1      | Reached XP level 2. HP: 14/14 MP: 3/3
   838 | D:2      | Reached XP level 3. HP: 17/17 MP: 4/4
   918 | D:2      | Reached skill level 4 in Unarmed Combat
  1116 | D:2      | Identified the +7 scimitar of Paunol {antimagic, rC+ Will+
                  | Str-4 Stlth+}
  1451 | D:3      | Reached XP level 4. HP: 21/21 MP: 5/5
  1830 | D:4      | Noticed a scorpion
  1870 | D:4      | Noticed Pikel
  1870 | D:4      | Noticed a lemure
  1870 | D:4      | Noticed a lemure
  1870 | D:4      | Noticed a lemure
  1870 | D:4      | Noticed a lemure
  1871 | D:4      | Noticed Dowan
  1874 | D:3      | Slain by a lemure

Illustrated notes

Levels and vault maps discovered:
D:1:      minmay_arrival_solitary_statue, layout_basic
D:2:      layout_rooms, minmay_bisected
D:3:      layout_loops_cross
D:4:      layout_loops_ring, nicolae_overflow_hidden_temple,
          chequers_serial_rivers_small_3, uniq_edmund, uniq_pikel, uniq_duvessa,
          uniq_blork_the_orc, uniq_robin

Skill      XL: |  1  2  3 |
---------------+----------+-----
Unarmed Combat | 4 |  4.5
Fighting       | |  0.8
Dodging        | |  1.5
Shapeshifting  | |  3.6

Action                     |  1- 3 |  4- 6 || total
---------------------------+-------+-------++-------
  Melee: Unarmed           |    85 |    29 ||   114
         Bite              |    18 |    10 ||    28
         Punch             |     2 |     3 ||     5
    Use: Scroll            |       |     7 ||     7
   Stab: Sleeping          |       |     1 ||     1
 Armour: Leather armour    |    35 |    28 ||    63
  Dodge: Dodged            |    34 |     6 ||    40
